 Dungeon Crawl Stone Soup version 0.21.1-1-g345015f (webtiles) character file.

2307 Fang the Cleaver (level 9, -10/57 HPs)
             Began as a Gargoyle Berserker on May 16, 2018.
             Was an Elder of Trog.
             Killed by divine providence
             ... invoked by an orc priest
              (16 damage)
             ... on level 6 of the Dungeon.
             The game lasted 00:10:59 (5332 turns).

Fang the Cleaver (Gargoyle Berserker)               Turns: 5332, Time: 00:11:00

Health: -10/57     AC: 11    Str: 24    XL:     9   Next: 41%
Magic:  9/9        EV: 13    Int:  8    God:    Trog [****..]
Gold:   277        SH:  0    Dex:  9    Spells: 8/8 levels left

rFire    + . .     SeeInvis .   a - +1 hand axe
rCold    . . .     Gourm    .   (no shield)
rNeg     + . .     Faith    .   b - +2 animal skin
rPois    ∞         Spirit   .   (no helmet)
rElec    +         Reflect  .   i - +0 cloak
rCorr    .         Harm     .   (no gloves)
MR       .....                  (no boots)
Stlth    +.........             k - amulet of magic regeneration
HPRegen  0.19/turn              h - ring of protection from cold
MPRegen  0.36/turn              s - ring of fire

@: berserk cooldown, slowed, very slow
A: negative energy resistance 1, electricity resistance, unbreathing,
petrification resistance, rot immunity, AC +6
a: Berserk, Trog's Hand, Brothers in Arms, Burn Spellbooks, Renounce Religion


You were on level 6 of the Dungeon.
You worshipped Trog.
Trog was greatly pleased with you.
You were hungry.

You visited 1 branch of the dungeon, and saw 6 of its levels.
You also visited: Sewer.

You collected 277 gold pieces.

Inventory:

Hand Weapons
 a - a +1 hand axe (weapon)
 r - a +3 quarterstaff of chaos
Missiles
 j - 6 steel javelins (quivered)
Armour
 b - a +2 animal skin (worn)
 i - a +0 cloak (worn)
Jewellery
 d - a +4 amulet of reflection
 h - a ring of protection from cold (left hand)
 k - an amulet of magic regeneration (around neck)
 s - a ring of fire (right hand)
Wands
 n - a wand of flame (40)
 w - a wand of digging (11)
Scrolls
 f - 4 scrolls of teleportation
 u - 2 scrolls of remove curse
Potions
 e - a potion of brilliance {unknown}
 g - 9 potions of curing
 l - 5 potions of heal wounds {unknown}
 m - 3 potions of haste
 o - 2 potions of flight
 p - 3 potions of lignification
 q - 3 potions of might
 t - a potion of resistance
 v - a potion of berserk rage {unknown}
Comestibles
 c - 8 rations


   Skills:
 + Level 7.3 Fighting
 + Level 8.5 Axes
 + Level 2.6 Armour
 + Level 4.8 Dodging
 + Level 2.5 Stealth


You had 8 spell levels left.
You didn't know any spells.

Dungeon Overview and Level Annotations

Branches:
Dungeon (6/15)
 Temple: D:4-7

Altars:
Cheibriados
Dithmenos
Ru
Wu Jian

Annotations:
D:6 Dowan, Duvessa


Innate Abilities, Weirdness & Mutations

You are resistant to torment.
Your stone body is resilient. (AC +6)
You are immune to poison.
You resist negative energy. (rN+)
You are resistant to electric shocks. (rElec)
You can survive without breathing.
You are immune to petrification.
You are immune to rotting.


Message History

Beogh smites you!
* * * LOW HITPOINT WARNING * * *
The orc closely misses you. The orc completely misses you.
The orc hits you with a dagger.
* * * LOW HITPOINT WARNING * * *
An orc comes into view. It is wielding a club.
You enter the shallow water.
Moving in this stuff is going to be slow.
Duvessa, Sister of Dowan comes into view.
She is wielding a short sword.
Duvessa shouts!
The orc shouts!
The orc hits you but does no damage. The orc barely misses you.
Dowan, Brother of Duvessa comes into view.
He is wielding a dagger.
Dowan shouts!
Dowan points at you and mumbles some strange words.
The puff of frost hits you!
* * * LOW HITPOINT WARNING * * *
The orc completely misses you.
The orc priest calls down the wrath of Beogh upon you.
Beogh smites you!
You die...

............##≈≈≈≈≈##...........
............##≈≈≈≈≈##...........
............≈≈.....≈≈......[....
............≈≈....≈≈≈...........
............≈≈.)................
............≈oo....≈≈.........##
...........≈≈≈.....≈≈.........#
............##≈≈oo≈##..#......#
............##≈@.≈≈##........#
...............e.............
....................[........
......###.........#+.........
...... #.........# ... ......
#....e....# .. #.........#
#......####


You could see Duvessa, Dowan, an orc priest and 3 orcs.

Vanquished Creatures
  The ghost of robloxmaster the Cleaver, a novice HOMo of Okawaru (D:6)
  Sigmund (D:2)
  Edmund (D:6)
  A sky beast (D:5)
  An ice beast (D:5)
  A necrophage (D:5)
  A phantom (D:5)
  A centaur (D:5)
  An ogre (D:6)
  A bullfrog (D:5)
  A scorpion (D:6)
  A bullfrog zombie (D:5)
  2 crimson imps (D:5)
  A jelly (D:6)
  A bullfrog skeleton (D:5)
  5 orc priests
  A centaur skeleton (D:5)
  A hound (D:5)
  Crazy Yiuf (D:2)
  2 orc wizards
  A worker ant (D:4)
  A howler monkey zombie (D:6)
  8 adders
  11 gnolls
  5 oozes
  2 adder skeletons
  An adder zombie (D:6)
  3 worms
  A dart slug (D:5)
  2 leopard geckos
  15 orcs
  6 bats
  6 giant cockroaches
  13 goblins
  5 hobgoblins
  14 jackals
  21 kobolds
  5 quokkas
  6 ball pythons
  5 frilled lizards
  A leopard gecko skeleton (D:4)
  4 rats
162 creatures vanquished.

Vanquished Creatures (others)
  A plant (D:5)
1 creature vanquished.

Grand Total: 163 creatures vanquished

Notes
Turn   | Place    | Note
-------+----------+-------------------------------------------
     0 | D:1      | Fang the Gargoyle Berserker began the quest for the Orb.
     0 | D:1      | Reached XP level 1. HP: 14/14 MP: 1/1
    44 | D:1      | Reached XP level 2. HP: 9/19 MP: 2/2
   518 | D:1      | Reached skill level 3 in Axes
   731 | D:2      | Noticed Sigmund
   744 | D:2      | Reached XP level 3. HP: 14/24 MP: 3/3
   749 | D:2      | Killed Sigmund
   749 | D:2      | Reached skill level 4 in Axes
   749 | D:2      | Reached XP level 4. HP: 19/30 MP: 4/4
   749 | D:2      | Reached XP level 5. HP: 21/34 MP: 5/5
   751 | D:2      | Found an ornate altar of the Wu Jian Council.
   940 | D:2      | Reached ** piety under Trog
  1138 | D:2      | Found a shadowy altar of Dithmenos.
  1146 | D:2      | Reached XP level 6. HP: 38/40 MP: 6/6
  1287 | D:2      | Reached skill level 5 in Fighting
  1683 | D:2      | Found a runed door.
  1688 | D:2      | Noticed Crazy Yiuf
  1691 | D:2      | Killed Crazy Yiuf
  2002 | D:3      | Reached *** piety under Trog
  2026 | D:3      | Reached skill level 5 in Axes
  2705 | D:4      | Reached XP level 7. HP: 36/44 MP: 7/7
  3253 | D:5      | Entered Level 5 of the Dungeon
  3394 | D:5      | Found a snail-covered altar of Cheibriados.
  3683 | D:5      | Reached skill level 1 in Stealth
  3780 | D:5      | Reached skill level 6 in Axes
  3793 | D:5      | Reached **** piety under Trog
  3802 | D:5      | Reached XP level 8. HP: 27/51 MP: 8/8
  4110 | D:5      | Reached skill level 7 in Axes
  4211 | D:5      | Found a sacrificial altar of Ru.
  4383 | D:6      | Noticed Edmund
  4515 | D:6      | Killed Edmund
  4764 | D:6      | Found a glowing drain.
  4804 | D:6      | Reached XP level 9. HP: 50/56 MP: 9/9
  4883 | D:6      | Noticed robloxmaster's ghost (novice HOMo)
  4902 | Sewer    | Entered a sewer
  5310 | D:6      | Reached skill level 8 in Axes
  5328 | D:6      | Killed robloxmaster's ghost
  5331 | D:6      | Noticed Duvessa
  5332 | D:6      | Noticed Dowan
  5332 | D:6      | Killed from afar by an orc priest

Skill      XL: |  1  2  3  4  5  6  7  8  9 |
---------------+----------------------------+-----
Axes           | 3 4 5 6 7 8 |  8.5
Fighting       | 4 5 6 7 |  7.3
Dodging        | 2 3 4 |  4.8
Stealth        | 1 2 |  2.5
Armour         | |  2.6

Action                   |  1- 3 |  4- 6 |  7- 9 || total
-------------------------+-------+-------+-------++-------
Melee: Hand axe          |    58 |   246 |   269 ||   573
Invok: Berserk           |     2 |     4 |     6 ||    12
       Burn Spellbooks   |       |       |     2 ||     2
  Use: Scroll            |       |     8 |    10 ||    18
 Stab: Sleeping          |       |       |     4 ||     4
  Eat: Chunk             |       |     8 |    11 ||    19
       Ration            |       |     1 |     1 ||     2
Armor: Animal skin       |    18 |   110 |   116 ||   244
Dodge: Dodged            |    41 |   165 |   176 ||   382
Block: Other             |       |    19 |       ||    19
       Reflection        |       |     2 |       ||     2
